 Dungeon Crawl Stone Soup version 0.29.0-11-gd7f09526c8 (webtiles) character file.

Game seed: 15511941596612517084

93 mortz the Sneak (level 4, -5/25 HPs)
             Began as a Kobold Conjurer on Sept 4, 2022.
             Slain by Sigmund
             ... wielding a +0 scythe
              (9 damage)
             ... on level 2 of the Dungeon.
             The game lasted 00:11:00 (2086 turns).

mortz the Sneak (Kobold Conjurer)                   Turns: 2086, Time: 00:11:01

Health: -5/25      AC:  3    Str:  4    XL:     4   Next: 92%
Magic:  0/7        EV: 15    Int: 21    God:
Gold:   72         SH:  0    Dex: 13    Spells: 4/7 levels left

rFire   . . .      SeeInvis .   a - +0 dagger {short}
rCold   . . .      Faith    .   (no shield)
rNeg    . . .      Spirit   .   j - +0 robe
rPois   .          Reflect  .   (no helmet)
rElec   .          Harm     .   (no cloak)
rCorr   .          Rampage  .   f - +0 pair of gloves
Will    .....                   (no boots)
Stlth   ++++......              (no amulet)
HPRegen 0.08/turn               (no ring)
MPRegen 0.10/turn               (no ring)

@: no status effects
A: small, no large weapons, nightstalker 3
a: no special abilities


You were on level 2 of the Dungeon.
You visited 1 branch of the dungeon, and saw 2 of its levels.

You collected 122 gold pieces.
You spent 50 gold pieces at shops.


Innate Abilities, Weirdness & Mutations

You are small and have problems with some larger weapons.
You are completely attuned to the shadows.


   Skills:
 + Level 1.3 Fighting
 + Level 1.0 Short Blades
 + Level 2.9 Dodging
 * Level 4.7 Stealth
 * Level 2.4 Spellcasting
 * Level 4.4 Conjurations


You had 4 spell levels left.
You knew the following spells:

 Your Spells              Type           Power      Damage    Failure   Level
a - Magic Dart            Conj           84%        1d7       2%          1
b - Searing Ray           Conj           42%        2d6       3%          2

Your spell library contained the following spells:

 Spells                   Type           Power      Damage    Failure   Level
 Beastly Appendage        Tmut           4%         N/A       14%         1
 Dazzling Flash           Conj/Hex       22%        N/A       17%         3
 Wereblood                Tmut           2%         N/A       22%         2
 Portal Projectile        Hex/Tloc       4%         N/A       38%         3
 Spider Form              Tmut/Pois      2%         N/A       38%         3
 Tukima's Dance           Hex            2%         N/A       38%         3
 Fulminant Prism          Conj/Hex       5%         3d7       50%         4
 Iskenderun's Mystic Bla  Conj/Tloc      11%        2d4       50%         4
 Blade Hands              Tmut           1%         N/A       98%         5

Inventory:

Hand Weapons
 a - a +0 dagger (weapon) {short}
   (You found it on level 1 of the Dungeon)
 d - a +0 short sword {short}
   (You found it on level 1 of the Dungeon)
Missiles
 l - 5 stones {throwing}
Armour
 f - a +0 pair of gloves (worn)
   (You found it on level 2 of the Dungeon)
 h - a +0 leather armour
   (You found it on level 1 of the Dungeon)
 j - a +0 robe (worn)
 m - a +0 leather armour
   (You found it on level 1 of the Dungeon)
Scrolls
 g - a scroll of teleportation {@r4}
 k - a scroll of butterflies {unknown}
 n - a scroll of blinking {unknown}
Potions
 b - a potion of magic
 c - 3 potions of brilliance {unknown}
 e - a potion of cancellation
 i - a potion of degeneration {unknown}
 p - a potion of curing {unknown}
 q - a potion of attraction {unknown}

Dungeon Overview and Level Annotations

Branches:
Dungeon (2/15) Zot: 9914

Altars:

Shops:
D:2 !

Annotations:
D:1 exclusion: downstairs
D:2 exclusion: phantom, Sigmund

.## #.†#.....##.# .#
##.##.#.##..#
.#######..##.##..##
......###..##...#...##
.####................##
.# ######............#
.# ##>.....{....# .#
#...........# .#
##....@....## .#
#....#...##
.###########.########
.#...........#
...###########
.######### .# #....# .#
#....# .####)...#


There were no monsters in sight!


Message History

You kill the adder!
Your Short Blades skill increases to level 1! 😕 MP[-1]
You lost 1 mp, and now have 1/7 mp.
You now have 58 gold pieces (gained 8).
You now have 72 gold pieces (gained 14). 😎 HP[+1] MP[+6]
Your hp is fully restored (25).
Your mp is fully restored (7).
You see here a rat corpse.
Things that are here:
an adder corpse; a hobgoblin corpse
There is a stone staircase leading up here.
You see here a giant cockroach corpse.
Things that are here:
an adder corpse; a hobgoblin corpse
There is a stone staircase leading down here.
You see here a giant cockroach corpse.
Things that are here:
an adder corpse; a hobgoblin corpse Sigmund shouts!
Sigmund gestures at you while chanting. You resist with some effort.
Casting: Searing Ray (safe; 3% risk of failure)
Confirm with . or Enter, or press ? or * to list all spells.
Aiming: Searing Ray (safe; 3% risk of failure)
Press: ? - help, Shift-Dir - straight line, f - Sigmund
Aim: Sigmund, wielding a +0 scythe and wearing a +0 robe (75% to hit)
The searing ray hits Sigmund. (Press . to maintain the ray.) Sigmund points at you and mumbles some strange words.
The puff of flame hits you! 😮 HP[-8] MP[-2]
You take 8 damage, and now have 17/25 hp.
MASSIVE DAMAGE!! (PAUSE)
You lost 2 mp, and now have 5/7 mp.
The searing ray misses Sigmund. 😮 MP[-1]
You lost 1 mp, and now have 4/7 mp.
The searing ray hits Sigmund.
Sigmund closely misses you. 😮 MP[-1]
You lost 1 mp, and now have 3/7 mp.
The searing ray hits Sigmund!
You finish channelling your searing ray.
Sigmund casts a spell at you. You resist with some effort. 😮 MP[-1]
You lost 1 mp, and now have 2/7 mp.
Casting: Searing Ray (safe; 3% risk of failure)
Confirm with . or Enter, or press ? or * to list all spells.
Aiming: Searing Ray (safe; 3% risk of failure)
Press: ? - help, Shift-Dir - straight line, f/p - Sigmund
Aim: Sigmund, wielding a +0 scythe and wearing a +0 robe (severely wounded, 75% to hit)
The searing ray hits Sigmund. (Press . to maintain the ray.) Sigmund points at you and mumbles some strange words.
You resist with some effort. 😮 MP[-2]
You lost 2 mp, and now have 0/7 mp.
Without enough magic to sustain it, your searing ray dissipates.
Sigmund casts a spell.
Sigmund flickers and vanishes!
Deactivating autopickup; reactivate with Ctrl-A.
Something hits you!
* * * LOW HITPOINT WARNING * * *
😨 HP[-9]
You take 9 damage, and now have 8/25 hp.
MASSIVE DAMAGE!! (PAUSE)
You hit something.
You feel much better. Something hits you. 😕 HP[+16]
You regained 16 hp, and now have 24/25 hp.
You barely miss something.
You hear some strange, mumbled words.
You are confused.
Something hits you! 😮 HP[-7] MP[+1]
You take 7 damage, and now have 17/25 hp.
MASSIVE DAMAGE!! (PAUSE)
Okay, then.
Your magical effects are unravelling.
You feel magically purged.
You feel less confused.
You hear some strange, mumbled words.
A magic dart appears from out of thin air!
The magic dart hits you.
* * * LOW HITPOINT WARNING * * *
😨 HP[-5]
You take 5 damage, and now have 12/25 hp.
You miss something. Something hits you!
* * * LOW HITPOINT WARNING * * *
😱 HP[-8]
You take 8 damage, and now have 4/25 hp.
MASSIVE DAMAGE!! (PAUSE)
Aiming: Magic Dart (safe; 2% risk of failure)
Press: ? - help, Q - select action, (/) - cycle Shift-Dir - straight line The magic dart hits something. 😱 MP[-1]
You lost 1 mp, and now have 0/7 mp.
Something hits you!
You die...

Skill      XL: |  1  2  3  4 |
---------------+-------------+-----
Stealth        | 3 4 |  4.7
Fighting       | 1 |  1.3
Short Blades   | 1 |  1.0
Dodging        | |  2.9
Spellcasting   | |  2.4
Conjurations   | |  4.4

Action                   |  1- 3 |  4- 6 || total
-------------------------+-------+-------++-------
Melee: Unarmed           |    26 |       ||    26
       Short sword       |    10 |       ||    10
       Dagger            |     8 |    24 ||    32
 Cast: Magic Dart        |    12 |     3 ||    15
       Searing Ray       |     9 |     9 ||    18
  Use: Scroll            |     3 |       ||     3
       Potion            |       |     2 ||     2
 Stab: Sleeping          |    18 |     5 ||    23
Armor: Robe              |    12 |     4 ||    16
Dodge: Dodged            |    50 |    12 ||    62

Levels and vault maps discovered:
D:1:      dpeg_arrival_oval, layout_loops_ring
D:2:      layout_rooms, serial_shops, nicolae_shop_trees, minmay_heptomino_w4,
          uniq_sigmund

Notes
Turn   | Place    | Note
-------+----------+-------------------------------------------
     0 | D:1      | mortz the Kobold Conjurer began the quest for the Orb.
     0 | D:1      | Reached XP level 1. HP: 10/10 MP: 3/3
     0 | D:1      | magus.rc [v1.9.6]
   322 | D:1      | Reached XP level 2. HP: 16/16 MP: 5/5
   325 | D:1      | Learned a level 2 spell: Searing Ray
   599 | D:1      | Reached skill level 3 in Stealth
   637 | D:1      | You pick up a book of Weapons and begin reading...
   637 | D:1      | You add the spells Tukima's Dance, Portal Projectile and
                  | Blade Hands to your library.
   652 | D:1      | Reached XP level 3. HP: 20/20 MP: 6/6
  1147 | D:2      | Noticed a phantom
  1188 | D:2      | Reached skill level 1 in Fighting
  1308 | D:2      | Found Totom's Distillery.
  1312 | D:2      | Reached skill level 4 in Stealth
  1312 | D:2      | Reached XP level 4. HP: 25/25 MP: 2/7
  1362 | D:2      | Noticed Sigmund
  1454 | D:2      | Bought a potion of heal wounds for 50 gold pieces
  1626 | D:2      | You pick up a book of Changes and begin reading...
  1626 | D:2      | You add the spells Beastly Appendage, Wereblood and Spider
                  | Form to your library.
  1934 | D:2      | Reached skill level 1 in Short Blades
  2084 | D:2      | HP: 4/25 [something (8)]
  2086 | D:2      | Slain by Sigmund

Vanquished Creatures
  4 adders (D:2)
  A worm (D:2)
  6 bats
  5 endoplasms
  5 giant cockroaches
  2 goblins (D:1)
  5 hobgoblins
  5 jackals (D:1)
  3 kobolds
  3 quokkas (D:1)
  5 ball pythons
  2 frilled lizards (D:1)
  4 rats
50 creatures vanquished.

Table legend:
 A = Non-vault XP
 B = Vault XP
 C = Vault XP percentage of total XP
 D = Non-vault monster count
 E = Vault monster count
 F = Vault count percentage of total count
                 A         B        C        D         E       F
            +---------+---------+-------+---------+---------+-------
      Total |      99 |      35 |  26.1 |      43 |       7 |  14.0
            +---------+---------+-------+---------+---------+-------
        D:1 |      50 |       0 |   0.0 |      29 |       0 |   0.0
        D:2 |      49 |      35 |  41.7 |      14 |       7 |  33.3
            +---------+---------+-------+---------+---------+-------

Illustrated notes

Table legend:
 A = Kills in this place as a percentage of kills in entire the game.
 B = Kills by you in this place as a percentage of kills by you in the entire game.
 C = Kills by friends in this place as a percentage of kills by friends in the entire game.
 D = Other kills in this place as a percentage of other kills in the entire game.
 E = Experience gained in this place as a percentage of experience gained in the entire game.
 F = Experience gained in this place divided by the number of levels of this place that you have seen.
                   A       B       C       D       E      F
               +-------+-------+-------+-------+-------+----------------------
         Total | 100.0 | 100.0 |   N/A |   N/A | 100.0 |  67.0
       Dungeon | 100.0 | 100.0 |   N/A |   N/A | 100.0 |  67.0
               +-------+-------+-------+-------+-------+----------------------

Table legend: (Time is in decaauts)
 A = Elapsed time spent in this place.
 B = Non-inter-level travel time spent in this place.
 C = Inter-level travel time spent in this place.
 D = Time resting spent in this place.
 E = Time spent auto-exploring this place.
 F = Levels seen in this place.
 G = Mean time per level.
                   A        B        C        D        E       F      G
               +--------+--------+--------+--------+--------+-----+--------+
         Total |   2084 |   2013 |     71 |     68 |   1465 |   2 | 1042.0 |
       Dungeon |   2084 |   2013 |     71 |     68 |   1465 |   2 | 1042.0 |
               +--------+--------+--------+--------+--------+-----+--------+

Top non-repeatable levels by time:
     D:1: 1229 daAuts
     D:2: 855 daAuts
